 Dungeon Crawl Stone Soup version 0.31.0-32-g396128a36d (webtiles) character file.

Game seed: 1970376019853342834

75829 growler the Black Belt (level 15, -1/141 HPs)
             Began as a Black Draconian Shapeshifter on Mar 10, 2024.
             Was the Champion of Wu Jian.
             Slain by an ogre
             ... wielding a +0 giant club
              (14 damage)
             ... while paralysed by an orc sorcerer
             ... on level 2 of the Orcish Mines on Mar 11, 2024.
             The game lasted 01:03:47 (17518 turns).

growler the Black Belt (DrSh)                      Turns: 17518, Time: 01:03:48

Health: -1/141     AC: 12    Str: 17    XL:     15   Next: 10%
Magic:  15/15      EV:  2    Int: 11    God:    Wu Jian [******]
Gold:   1814       SH:  0    Dex: 20    Spells: 14/14 levels left

rFire   + .          .
                       - Unarmed
rCold   . . .        (no shield)
rNeg    . . .        (body armour unavailable)
rPois   +            (helmet restricted)
rElec   +            F - +1 cloak {Stlth+}
rCorr   .            (no gloves)
SInv    .            r - +0 pair of boots
Will    +....        u - amulet of regeneration
Stlth   +++          t - ring of poison resistance
HPRegen 1.23/turn    J - ring of protection from fire
MPRegen 0.14/turn

%: no passive effects
@: paralysed, maw-form, flying
A: devouring maw, flying, breathe lightning, AC +9, unfitting armour, big wings,
electricity resistance, cold-blooded
a: Breathe Lightning, Begin Untransformation, Renounce Religion, Wall Jump,
Serpent's Lash, Heavenly Storm


You were on level 2 of the Orcish Mines.
You worshipped Wu Jian.
Wu Jian was exalted by your worship.
You were a creature with a mouth for a stomach.
You visited 4 branches of the dungeon, and saw 21 of its levels.

You collected 1814 gold pieces.

Inventory:

Missiles
 g - 27 boomerangs (quivered)
Armour
 r - a +0 pair of boots (worn)
 F - a +1 cloak of stealth (worn)
Jewellery
 t - a ring of poison resistance (left hand)
 u - an amulet of regeneration (around neck)
 C - a ring of ice
 I - a ring of resist corrosion
 J - a ring of protection from fire (right hand)
 L - a ring of see invisible
 M - a ring of ice
 N - a +6 ring of intelligence
 U - a ring of magical power
 V - a ring of ice
 Z - an amulet of reflection
Talismans
 c - a flux talisman
 q - a serpent talisman
 E - a beast talisman
 O - the maw talisman of Autotheism (active) {rElec Dex+3}
   (You found it on level 2 of the Lair of Beasts)

   [maw talisman]

   Dex+3:     It affects your dexterity (+3).
   rElec:     It insulates you from electricity.
Wands
 b - a wand of flame (39)
 y - a wand of quicksilver (26)
 z - a wand of mindburst (14)
 K - a wand of roots (16)
 P - a wand of polymorph (6)
Scrolls
 a - a scroll of silence {unknown}
 e - 4 scrolls of blinking
 h - 2 scrolls of fog
 j - 3 scrolls of enchant weapon
 k - 3 scrolls of noise
 m - a scroll of amnesia
 n - 2 scrolls of vulnerability
 v - 5 scrolls of immolation
 w - a scroll of fear
 x - 4 scrolls of teleportation
 A - 4 scrolls of identify
 Q - a scroll of torment {unknown}
 S - 2 scrolls of revelation {unknown}
 W - a scroll of enchant armour {unknown}
 Y - a scroll of poison {unknown}
Potions
 d - 5 potions of attraction
 f - 2 potions of might
 i - 3 potions of enlightenment
 l - 3 potions of mutation
 o - 2 potions of degeneration
 p - 4 potions of heal wounds
 s - a potion of invisibility
 B - 4 potions of curing
 G - 3 potions of resistance
 H - a potion of cancellation
 R - a potion of brilliance
 T - a potion of lignification
 X - a potion of magic {unknown}
Miscellaneous
 D - a phial of floods


   Skills:
 - Level 15.0 Fighting
 - Level 10.0 Dodging
 + Level 18.3 Unarmed Combat
 - Level 10.5 Shapeshifting


You had 14 spell levels left.
You didn't know any spells.
Your spell library contained the following spells:

 Spells                   Type           Power      Damage    Failure   Level
 Apportation              Tloc           0%         N/A       34%         1
 Necrotise                Necr           0%         1d4       34%         1
 Sting                    Conj/Alch      0%         1d3       34%         1
 Summon Small Mammal      Summ           0%         N/A       34%         1
 Call Canine Familiar     Summ           0%         N/A       71%         3
 Sigil of Binding         Hex            0%         N/A       71%         3
 Volatile Blastmotes      Fire/Tloc      0%         2d10      71%         3
 Anguish                  Hex/Necr       0%         N/A       98%         4
 Animate Dead             Necr           0%         N/A       98%         4
 Cause Fear               Hex            0%         N/A       98%         4
 Dimensional Bullseye     Hex/Tloc       0%         N/A       98%         4
 Fulminant Prism          Conj/Alch      0%         3d5       98%         4
 Iskenderun's Mystic Bla  Conj/Tloc      0%         2d3       98%         4
 Summon Lightning Spire   Summ/Air       0%         N/A       98%         4
 Borgnjor's Vile Clutch   Necr/Erth      0%         N/A       100%        5
 Lee's Rapid Deconstruct  Erth           0%         3d4*      100%        5
 Death Channel            Necr           0%         N/A       100%        6
 Enfeeble                 Hex            0%         N/A       100%        7
 Animate Armour           Summ/Erth      Unusable   N/A       N/A         4

Dungeon Overview and Level Annotations

Branches:
Dungeon (13/15)            Temple (1/1) D:5            Lair (5/5) D:10
  Swamp (0/4) Lair:2        Snake (0/4) Lair:2        Slime (0/5) Lair:4
    Orc (2/2) D:10
    Elf: Orc:2       Vaults: D:13-14

Altars:
Ashenzari
Cheibriados
Dithmenos
Elyvilon
Gozag
Hepliaklqana
Kikubaaqudgha
Makhleb
Nemelex Xobeh
Okawaru
Qazlal
Ru
Sif Muna
Trog
Uskayaw
Vehumet
Wu Jian
Xom
Yredelemnul
The Shining One
Jiyva

Shops:
D:3 !   D:7 =

Portals:
Trove: D:11 (give horn of Geryon)

Annotations:
D:4 3 runed translucent doors, spaghetti's ghost, amateur NaSu


Innate Abilities, Weirdness & Mutations

You are a creature with a mouth for a stomach.
Your midsection houses a second, enormous mouth.
You are flying.
You can breathe wild blasts of lightning.
Your glossy black scales are hard. (AC +9)
You cannot fit into any form of body armour.
Your large and strong wings let you fly.
You are resistant to electric shocks. (rElec)
You are cold-blooded and may be slowed by cold attacks.


Message History

The troll is moderately wounded.
You hit the troll but do no damage. Your punch misses the troll.
You bite the troll!
The troll is heavily wounded.
The troll misses you. The troll barely misses you.
The troll claws you but does no damage.
The orc priest invokes the aid of Beogh against you.
Beogh smites you!
The orc sorcerer casts a spell.
The orc priest calls upon Beogh to heal the orc sorcerer.
The orc sorcerer is healed somewhat.
The orc warrior closely misses you.
You pummel the orc sorcerer!! You tail-slap the orc sorcerer.
The orc sorcerer is severely wounded.
The troll barely misses you. The troll claws you! The troll closely misses you.
The hellwing completely misses you.
The hellwing hits you but does no damage.
The orc sorcerer misses you.
You hit the orc sorcerer. Your bite misses the orc sorcerer.
The orc sorcerer is almost dead.
The orc priest invokes the aid of Beogh against you.
Beogh smites you! The orc warrior misses you. The kobold blastminer hits you.
You hit the orc sorcerer but do no damage.
Your bite misses the orc sorcerer.
The orc sorcerer is almost dead.
The ogre misses you. The troll misses you. The troll claws you!
The troll closely misses you. The orc sorcerer casts a spell at you.
You suddenly lose the ability to move!
The orc warrior hits you with a +0 halberd.
The kobold blastminer blasts its cannon at you.
The iron shot hits you!!
* * * LOW HITPOINT WARNING * * *
The orc sorcerer casts a spell at you.
You shrug off the repeated paralysis!
The troll bites you.
* * * LOW HITPOINT WARNING * * *
The troll claws you but does no damage. x2
The orc warrior hits you with a +0 halberd!
* * * LOW HITPOINT WARNING * * *
The ogre hits you with a +0 giant club!
You die...

#.......).....##....##
##.....).)..##..##.#^##
#..<....#..#.....#....
#....................
##.................##
##................## #
#.....#..........#.#^##
#............4.O......#
##..........o3WTo.....#
#..........#.ooK.###.##
##...........o#<## #
##............)##
#.............o.#
##..............#
###...........o##
##..............#
##...............###


You could see a sun demon (summoned), a hellwing (summoned), a kobold
blastminer, a troll, an orc sorcerer, an orc warrior, an ogre, 2 orc priests and
an orc.

Vanquished Creatures
  A dire elephant (Lair:5)
  An eleionoma (Lair:2)
  Snorg (D:12)
  3 hydras
  Fannar (Lair:1)
  3 catoblepae
  4 two-headed ogres
  A deep troll shaman (Lair:5)
  Erica (Lair:2)
  A centaur warrior (D:10)
  2 boulder beetles (Lair:5)
  16 death yaks
  An orc high priest (Orc:2)
  Urug (D:11)
  Nergalle (D:12)
  Lodul (D:12)
  2 skysharks
  Pikel (D:5)
  3 orc knights
  2 orc sorcerers (Orc:2)
  2 ugly things (D:12)
  5 black mambas
  A meliai (D:10)
  A cyclops (D:12)
  26 elephants
  2 kobold blastminers (Orc:1)
  Maurice (D:9)
  7 cane toads
  A gargoyle (D:12)
  A rime drake (Lair:4)
  An unseen horror (D:11)
  A kobold demonologist (D:12)
  10 komodo dragons
  2 efreet (D:10)
  Psyche (D:10)
  5 polar bears
  4 trolls
  Grinder (D:5)
  2 hornets
  24 blink frogs
  6 slime creatures (D:12)
  4 shadows
  Sigmund (D:5)
  A vampire (D:10)
  3 wraiths
  3 wyverns
  53 yaks
  4 wargs
  5 basilisks
  A steam dragon (D:7)
  5 vampire mosquitoes
  6 acid dragons
  3 nagas (Lair:2)
  10 water moccasins
  18 orc warriors
  A sky beast (D:7)
  2 black bears
  2 ice beasts (D:7)
  12 ogres
  19 wolves
  11 centaurs
  A phantom (D:5)
  4 kobold brigands
  4 lemures (D:4)
  Blork the orc (D:4)
  A scorpion (D:4)
  12 bullfrogs
  10 wights
  Dowan (D:5)
  6 killer bees (D:8)
  An electric eel (Lair:2)
  2 howler monkeys
  4 hounds
  2 gnoll boudas (D:10)
  6 orc priests
  A bombardier beetle (D:5)
  A jelly (D:6)
  3 sleepcaps
  3 iguanas
  20 orc wizards
  5 hell rats (Lair:4)
  7 adders
  A shadow imp (D:7)
  2 ufetubi (D:7)
  2 ribbon worms (D:5)
  A dart slug (D:5)
  64 orcs
  4 ball pythons
  A bat (D:2)
  6 endoplasms
  5 giant cockroaches
  8 goblins
  4 hobgoblins
  2 jackals (D:4)
  22 kobolds
  A quokka (D:4)
  4 frilled lizards
  3 rats
540 creatures vanquished.

Vanquished Creatures (others)
  An electric eel (D:10)
  An orc wizard (Orc:2)
  An orc (Orc:2)
3 creatures vanquished.

Grand Total: 543 creatures vanquished

Notes
Turn   | Place    | Note
-------+----------+-------------------------------------------
     0 | D:1      | growler the Draconian Shapeshifter began the quest for the
                  | Orb.
     0 | D:1      | Reached XP level 1. HP: 16/16 MP: 1/1
   999 | D:2      | Reached XP level 2. HP: 21/23 MP: 2/2
  1486 | D:2      | Reached XP level 3. HP: 25/28 MP: 3/3
  1955 | D:3      | Reached skill level 4 in Unarmed Combat
  1955 | D:3      | Reached XP level 4. HP: 30/35 MP: 4/4
  2153 | D:3      | Found Ytudghof's Distillery.
  2719 | D:4      | Found a runed translucent gate.
  2719 | D:4      | Found a runed translucent gate.
  2719 | D:4      | Found a runed translucent gate.
  2730 | D:4      | Noticed spaghetti's ghost (amateur NaSu)
  2743 | D:4      | Identified the +8 whip "Ecec Tax" {distort, *Rage rN+ Str+3
                  | Dex+3}
  2755 | D:4      | Found a radiant altar of Vehumet.
  2757 | D:4      | Found a stormy altar of Qazlal.
  2814 | D:4      | Reached XP level 5. HP: 38/40 MP: 5/5
  2868 | D:4      | Found a basalt altar of Yredelemnul.
  2872 | D:4      | Found an iron altar of Okawaru.
  2941 | D:4      | Reached skill level 5 in Unarmed Combat
  3051 | D:4      | Found a burning altar of Makhleb.
  3051 | D:4      | Noticed Blork the orc
  3062 | D:4      | Reached skill level 5 in Shapeshifting
  3062 | D:4      | Reached XP level 6. HP: 31/47 MP: 6/6
  3074 | D:4      | Killed Blork the orc
  3335 | D:5      | Entered Level 5 of the Dungeon
  3413 | D:5      | Noticed Duvessa
  3414 | D:5      | Noticed Dowan
  3421 | D:5      | Duvessa changed into Duvessa the wolf
  3421 | D:5      | Noticed Duvessa
  3430 | D:5      | Killed Duvessa the wolf
  3434 | D:5      | Killed Dowan
  3540 | D:5      | Reached skill level 6 in Unarmed Combat
  3540 | D:5      | Your scales start taking on a glossy black colour.
  3540 | D:5      | Reached XP level 7. HP: 44/52 MP: 7/7
  3540 | D:5      | Gained mutation: You are resistant to electric shocks.
                  | (rElec) [Black Draconian growth]
  3617 | D:5      | Noticed Sigmund
  3623 | D:5      | Killed Sigmund
  3687 | D:5      | Noticed Grinder
  3704 | D:5      | Paralysed by Grinder for 2 turns
  3709 | D:5      | Killed Grinder
  3903 | D:5      | Reached skill level 7 in Unarmed Combat
  3913 | D:5      | Found a staircase to the Ecumenical Temple.
  3924 | Temple   | Entered the Ecumenical Temple
  3955 | Temple   | Became a worshipper of the Wu Jian Council
  4021 | D:5      | Noticed Pikel
  4106 | D:5      | Killed Pikel
  4107 | D:5      | Reached skill level 8 in Unarmed Combat
  4107 | D:5      | Reached XP level 8. HP: 39/59 MP: 8/8
  4368 | D:5      | Found a bloodstained altar of Trog.
  4945 | D:7      | Found Jafogakka's Jewellery Shoppe.
  4953 | D:7      | Reached skill level 9 in Unarmed Combat
  5170 | D:7      | Reached XP level 9. HP: 55/71 MP: 9/9
  5318 | D:7      | Found an ancient bone altar of Kikubaaqudgha.
  5339 | D:7      | Reached * piety under Wu Jian
  5442 | D:7      | Reached skill level 5 in Fighting
  5544 | D:7      | Identified the +1 whip of Kindness {protect, Fly}
  5804 | D:7      | Reached skill level 10 in Unarmed Combat
  6218 | D:8      | Reached ** piety under Wu Jian
  6825 | D:9      | Noticed a two-headed ogre
  6834 | D:9      | Killed a two-headed ogre
  6835 | D:9      | Reached skill level 11 in Unarmed Combat
  6835 | D:9      | Reached XP level 10. HP: 46/88 MP: 10/10
  6880 | D:9      | Found a shimmering blue altar of Sif Muna.
  7040 | D:9      | Noticed Maurice
  7078 | D:9      | Maurice stole a beast talisman
  7083 | D:9      | Killed Maurice
  7570 | D:10     | Entered Level 10 of the Dungeon
  7658 | D:10     | Reached *** piety under Wu Jian
  7658 | D:10     | Noticed a two-headed ogre
  7667 | D:10     | Reached skill level 12 in Unarmed Combat
  7707 | D:10     | Killed a two-headed ogre
  7708 | D:10     | Reached skill level 10 in Fighting
  7857 | D:10     | Noticed a two-headed ogre
  7916 | D:10     | Reached XP level 11. HP: 95/101 MP: 11/11
  7961 | D:10     | HP: 4/101 [efreet/+1 scimitar of flaming (2)]
  8008 | D:10     | Noticed a centaur warrior
  8160 | D:10     | Found a hide-covered altar of Uskayaw.
  8202 | D:10     | Noticed a two-headed ogre
  8210 | D:10     | Killed a two-headed ogre
  8220 | D:10     | Noticed a two-headed ogre
  8229 | D:10     | Killed a two-headed ogre
  8268 | D:10     | Noticed Psyche
  8270 | D:10     | Killed Psyche
  8327 | D:10     | Found a staircase to the Lair.
  8373 | D:10     | Reached skill level 13 in Unarmed Combat
  8562 | D:10     | Found a staircase to the Orcish Mines.
  8599 | D:10     | Killed a centaur warrior
  9201 | D:11     | Noticed Urug
  9205 | D:11     | Killed Urug
  9616 | D:11     | You fall into a shaft and drop 2 floors!
  9740 | D:12     | Noticed Nergalle
  9756 | D:12     | Killed Nergalle
  9757 | D:12     | Reached XP level 12. HP: 108/112 MP: 12/12
  9872 | D:12     | Reached **** piety under Wu Jian
 10169 | D:12     | Reached skill level 14 in Unarmed Combat
 10228 | D:12     | Noticed Lodul
 10264 | D:12     | Killed Lodul
 10389 | D:12     | Noticed Snorg
 10787 | D:12     | Reached skill level 10 in Shapeshifting
 10881 | D:12     | Killed Snorg
 10999 | D:11     | Found a portal to a secret trove of treasure.
 11248 | Lair:1   | Entered Level 1 of the Lair of Beasts
 11248 | Lair:1   | Noticed Fannar
 11282 | Lair:1   | Killed Fannar
 11363 | Lair:1   | Noticed a catoblepas
 11407 | Lair:1   | Killed a catoblepas
 11753 | Lair:1   | Reached XP level 13. HP: 106/123 MP: 13/13
 11890 | Lair:1   | Reached skill level 15 in Unarmed Combat
 12296 | Lair:1   | Reached ***** piety under Wu Jian
 12556 | Lair:2   | Noticed Erica
 12563 | Lair:2   | Killed Erica
 12681 | Lair:2   | Identified the maw talisman of Autotheism {rElec Dex+3}
 12691 | Lair:2   | Found a staircase to the Snake Pit.
 12922 | Lair:2   | Reached skill level 5 in Dodging
 13020 | Lair:2   | Found a staircase to the Swamp.
 13020 | Lair:2   | Noticed an eleionoma
 13025 | Lair:2   | Killed an eleionoma
 13545 | Lair:3   | Found a frozen archway.
 13576 | Lair:3   | Reached skill level 15 in Fighting
 13642 | Lair:3   | Reached skill level 16 in Unarmed Combat
 13780 | Lair:3   | Gained mutation: Your large and strong wings let you fly.
                  | [Black Draconian growth]
 13780 | Lair:3   | Reached XP level 14. HP: 135/135 MP: 14/14
 14768 | Lair:4   | Found a staircase to the Slime Pits.
 14769 | Lair:4   | Found a viscous altar of Jiyva.
 14898 | Lair:4   | Reached skill level 17 in Unarmed Combat
 15418 | Lair:5   | Entered Level 5 of the Lair of Beasts
 15709 | Lair:5   | Reached ****** piety under Wu Jian
 16814 | Orc:1    | Entered Level 1 of the Orcish Mines
 16828 | Orc:1    | Reached skill level 10 in Dodging
 16927 | Orc:1    | Reached XP level 15. HP: 136/141 MP: 15/15
 16934 | Orc:1    | Reached skill level 18 in Unarmed Combat
 17379 | Orc:2    | Entered Level 2 of the Orcish Mines
 17517 | Orc:2    | Paralysed by an orc sorcerer for 5 turns
 17518 | Orc:2    | Slain by an ogre

Illustrated notes

Levels and vault maps discovered:
D:1:      lightli_arrival_flooded_house, layout_basic, serial_corexii_hall,
          chequers_hall_statues_wall_a, corexii_hall_statues_l
D:2:      layout_basic, minmay_tree_intersection, reono_crystal_passage
D:3:      layout_basic, serial_shops, shop, kennysheep_donut,
          lightli_corner_chamber
D:4:      layout_basic, nicolae_overflow_hidden_temple,
          grunt_temple_overflow_open, gammafunk_ghost_necromancy,
          uniq_blork_the_orc
D:5:      layout_loops_ring, kennysheep_mini, minmay_temple_entry_mist,
          uniq_grinder, uniq_duvessa, uniq_sigmund, uniq_pikel
D:6:      layout_cave_pools
D:7:      layout_basic, lemuel_round_altar, serial_shops, shop, billiards_dpeg
D:8:      layout_loops_cross, nicolae_concentric_dashed_squares_mild,
          minmay_crystal_room
D:9:      wander_river, layout_loops_cross, hellmonk_sif_muna_bookshelves,
          uniq_maurice
D:10:     nzn_winding_woodlands_medium [nzn_winding_woodlands_hourglass,
          nzn_winding_woodlands_5x15_jagged, nzn_winding_woodlands_5x5_three,
          nzn_winding_woodlands_5x5_closed_star,
          nzn_winding_woodlands_center_triple_pond,
          nzn_winding_woodlands_5x5_open_star,
          nzn_winding_woodlands_5x5_perimeter,
          nzn_winding_woodlands_5x15_river_crossing,
          nzn_winding_woodlands_5x5_checkerboard], layout_irregular_city,
          nicolae_uskayaw_murder_on_the_dancefloor, david_lair_generic,
          david_orc_4, uniq_psyche
D:11:     layout_gridville, enter_trove_3, uniq_urug
D:12:     layout_basic, grunt_ministairs_3, uniq_nergalle, uniq_snorg,
          uniq_lodul
D:13:     layout_loops_ring, nemelex_xobeh_ov_fountains_minmay, uniq_rupert,
          uniq_frances
Temple:   grunt_temple_mini_profane
Lair:1:   layout_loops_ring, serial_bayou_shore_b, uniq_fannar
Lair:2:   layout_chaotic_city, alex1729_swamp_entry_worm_eleionoma,
          minmay_snake_entry_guardpost_small, lemuel_fruit_tree,
          grunt_megastairs_3, infiniplex_staircase_pool, uniq_erica
Lair:3:   layout_chaotic_city, portal_ice_cave_entry_pillars_2
Lair:4:   layout_cave_shapes, slime_entry_1
Lair:5:   grunt_lair_end_beastmaster, layout_hall_layers, grunt_megastairs_4,
          infiniplex_staircase_pool_2
Orc:1:    layout_caves
Orc:2:    pf_orc_diabolical, layout_caves, nicolae_orc_lava_room

Skill      XL: |  1  2  3  4  5  6  7  8  9 10 11 12 13 14 15 |
---------------+----------------------------------------------+-----
Unarmed Combat | 4 5 6 8 9 11 12 13 14 16 17 18 | 18.3
Shapeshifting  | 4 5 7 9 10 | 10.5
Fighting       | 4 8 10 12 13 15 | 15.0
Dodging        | 2 6 10 | 10.0

Action                     |  1- 3 |  4- 6 |  7- 9 | 10-12 | 13-15 || total
---------------------------+-------+-------+-------+-------+-------++-------
  Melee: Unarmed           |    71 |   131 |   397 |   686 |   831 ||  2116
         Tailslap          |     3 |    15 |    70 |   116 |    21 ||   225
         Punch             |     2 |     3 |       |       |    10 ||    15
         Constrict         |       |       |       |    17 |   145 ||   162
         Maw               |       |       |       |       |    45 ||    45
 Invoke: Serpent's Lash    |       |       |       |     9 |     4 ||    13
Ability: Lunge             |       |       |    26 |    49 |    57 ||   132
         Whirlwind         |       |       |     8 |   136 |   314 ||   458
         Breathe Lightning |       |       |       |     3 |       ||     3
  Evoke: Wand              |       |     7 |       |       |       ||     7
         Phial of floods   |       |       |       |     1 |       ||     1
    Use: Scroll            |       |     3 |     4 |     5 |     9 ||    21
         Potion            |       |     1 |     3 |       |       ||     4
   Stab: Sleeping          |       |     1 |       |       |       ||     1
         Distracted        |       |       |       |     1 |       ||     1
 Armour: Skin              |    26 |    81 |   202 |   377 |   460 ||  1146
  Dodge: Dodged            |    35 |    68 |   301 |   342 |   339 ||  1085
   Form: Flux              |       |       |     1 |       |       ||     1
         Serpent           |       |       |       |     1 |       ||     1
         Maw               |       |       |       |       |     1 ||     1
